 Dungeon Crawl Stone Soup version 0.30-a0-1160-g6e42c06551 (webtiles) character file.

Game seed: 488836380089178266

492 hwolsky the Chopper (level 6, -1/56 HPs)
             Began as a Minotaur Fighter on Apr 26, 2023.
             Killed by nerve-wracking pain
             ... invoked by a shadow imp
              (8 damage)
             ... on level 6 of the Dungeon.
             The game lasted 00:07:12 (2351 turns).

hwolsky the Chopper (Minotaur Fighter)              Turns: 2351, Time: 00:07:13

Health: -1/56      AC: 13    Str: 21 (22) XL:     6   Next: 91%
Magic:  5/5        EV:  5    Int:  5      God:
Gold:   202        SH: 10    Dex: 10      Spells: 5/5 levels left

rFire   . . .        a - +1 war axe
rCold   . . .        j - +2 kite shield
rNeg    . . .        g - +1 plate armour {rPois}
rPois   +            (helmet restricted)
rElec   .            (no cloak)
rCorr   .            (no gloves)
SInv    .            (no boots)
Will    .....        (no amulet) Stlth
                     (no ring)
HPRegen 0.29/turn    (no ring)
MPRegen 0.09/turn

%: no passive effects
@: marked
A: horns 2, retaliatory headbutt
a: no special abilities


You were on level 6 of the Dungeon.
You visited 1 branch of the dungeon, and saw 6 of its levels.

You collected 202 gold pieces.

Inventory:

Hand Weapons
 a - a +1 war axe (weapon)
Missiles
 e - 4 boomerangs
 k - a throwing net (quivered)
Armour
 g - a +1 plate armour of poison resistance (worn)
 j - a +2 kite shield (worn)
Jewellery
 b - a ring of fire
Scrolls
 h - 2 scrolls of vulnerability
 i - a scroll of fog
 m - 2 scrolls of enchant weapon
Potions
 d - 2 potions of might
 f - a potion of flight
 l - a potion of curing
 n - a potion of haste


   Skills:
 + Level 5.3 Fighting
 * Level 6.0 Axes
 + Level 5.3 Armour
 + Level 5.2 Shields


You had 5 spell levels left.
You didn't know any spells.
Your spell library contained the following spells:

 Spells                   Type           Power      Damage    Failure   Level
 Frozen Ramparts          Ice            0%         1d1       100%        3
 Ice Form                 Ice/Tmut       0%         N/A       100%        4
 Summon Ice Beast         Ice/Summ       0%         N/A       100%        4


Dungeon Overview and Level Annotations

Branches:
Dungeon (7/15)
 Temple: D:4-7

Altars:
Dithmenos

Annotations:
D:6 Blork the orc, Grinder


Innate Abilities, Weirdness & Mutations

You have a pair of horns on your head.
You reflexively headbutt those who attack you in melee.


Message History

A gnoll comes into view. It is wielding a +0 spear.
The sky beast flickers out of sight!
Deactivating autopickup; reactivate with Ctrl-A.
Something hits you but does no damage.
You slash the water moccasin!
You kill the water moccasin!
You barely miss something.
You feel sick.
The centaur wields a +0 shortbow.
The centaur shoots an arrow.
The arrow hits you but does no damage.
A sky beast appears from thin air!
Reactivating autopickup.
The sky beast hits you. The sky beast shocks you.
You feel your strength returning.
Your Axes skill increases to level 6!
You barely miss Grinder. You slash the sky beast!
You feel sick.
Blork the orc miscasts a cantrip.
A jelly comes into view.
Grinder gestures at you. You resist with significant effort.
The sky beast barely misses you. You furiously retaliate!
You headbutt the sky beast.
Unknown command.
You hit Grinder but do no damage. You headbutt Grinder.
Grinder is lightly wounded.
You barely miss the sky beast.
You feel sick.
The sky beast hits you but does no damage.
A gnoll bouda comes into view. It is wielding a +0 short sword.
The sky beast hits you but does no damage.
Grinder hits you.
You writhe in agony.
* * * LOW HITPOINT WARNING * * *
You hit the shadow imp but do no damage.
You hit Grinder. You slash the sky beast!
You kill the sky beast!
You feel sick.
You are no longer poisoned.
The centaur shoots an arrow.
You block the arrow.
Blork the orc looks braver for a moment.
The centaur shoots an arrow.
The arrow hits you!
* * * LOW HITPOINT WARNING * * *
The shadow imp gestures at you. Pain shoots through your body!
You die...

#.# #.# #.#
#.# #####.#
#...#.#
#######.#.#.#
......55†..>#
######@#.#.#
#†#.#.#
#c#.#.#
#o#.#.#
##Y#...#
#Jg..###
#g.#......
....#######
#o...##


You could see Grinder, Blork the orc (fast), an ice beast, a centaur, a gnoll
bouda, a jelly, a gnoll and a shadow imp.

Vanquished Creatures
  Eustachio (D:4)
  A water moccasin (D:6)
  A sky beast (D:6)
  A black bear (D:4)
  3 gnolls (D:2)
  5 adders
  2 worms
  3 dart slugs
  2 orcs
  3 bats
  4 endoplasms
  2 giant cockroaches
  2 goblins
  4 hobgoblins
  4 jackals (D:2)
  5 quokkas
  5 ball pythons
  2 frilled lizards (D:3)
  5 kobolds
  13 rats
68 creatures vanquished.

Notes
Turn   | Place    | Note
-------+----------+-------------------------------------------
     0 | D:1      | hwolsky the Minotaur Fighter began the quest for the Orb.
     0 | D:1      | Reached XP level 1. HP: 19/19 MP: 0/0
   137 | D:1      | Reached XP level 2. HP: 27/27 MP: 1/1
   197 | D:1      | Reached skill level 3 in Axes
   696 | D:1      | Found a shadowy altar of Dithmenos.
   813 | D:2      | Reached XP level 3. HP: 33/33 MP: 2/2
  1259 | D:2      | Reached skill level 4 in Axes
  1259 | D:2      | Reached XP level 4. HP: 35/40 MP: 3/3
  1596 | D:3      | Found Foril's Antique Weapon Boutique.
  2005 | D:4      | Noticed a black bear
  2012 | D:4      | Killed a black bear
  2013 | D:4      | Reached XP level 5. HP: 42/47 MP: 4/4
  2223 | D:4      | Reached skill level 5 in Axes
  2270 | D:4      | Noticed Eustachio
  2290 | D:4      | Killed Eustachio
  2291 | D:4      | Reached skill level 5 in Fighting
  2291 | D:4      | Reached skill level 5 in Armour
  2291 | D:4      | Reached skill level 5 in Shields
  2291 | D:4      | Reached XP level 6. HP: 50/56 MP: 5/5
  2291 | D:4      | You fall into a shaft and drop 3 floors!
  2332 | D:6      | Noticed Blork the orc
  2338 | D:6      | Noticed a water moccasin
  2340 | D:6      | Noticed a sky beast
  2344 | D:6      | Noticed Grinder
  2345 | D:6      | Noticed an ice beast
  2348 | D:6      | Killed a water moccasin
  2349 | D:6      | Reached skill level 6 in Axes
  2351 | D:6      | Killed a sky beast
  2351 | D:6      | Killed from afar by a shadow imp

Illustrated notes

Levels and vault maps discovered:
D:1:      dpeg_arrival_lava_altar, layout_basic
D:2:      layout_loops_cross, hex_medium
D:3:      wander_river, layout_rooms, serial_shops, shop
D:4:      layout_basic, temple_fountains, grunt_ministairs_11,
          dk_noncrumbling_3, patterned_corridor, uniq_eustachio
D:6:      layout_basic, uniq_grinder, uniq_blork_the_orc
D:7:      layout_cave_pools, fedhas_ov_isle_minmay,
          mainiacjoe_overflow_alcove_4, uniq_menkaure

Skill      XL: |  1  2  3  4  5  6 |
---------------+-------------------+-----
Axes           | 3 4 5 6 |  6.0
Fighting       | 4 5 |  5.3
Armour         | 4 5 |  5.3
Shields        | 4 5 |  5.2

Action                     |  1- 3 |  4- 6 || total
---------------------------+-------+-------++-------
  Melee: War axe           |    64 |    98 ||   162
         Headbutt          |     7 |    13 ||    20
  Throw: Boomerang         |    17 |       ||    17
         Throwing net      |       |     1 ||     1
    Use: Scroll            |     6 |     4 ||    10
         Potion            |     1 |     1 ||     2
 Armour: Scale mail        |    31 |    11 ||    42
         Plate armour      |       |    81 ||    81
  Dodge: Dodged            |    30 |    30 ||    60
  Block: Buckler           |    11 |     1 ||    12
         Kite shield       |       |    74 ||    74

Table legend: (Time is in decaauts)
 A = Elapsed time spent in this place.
 B = Non-inter-level travel time spent in this place.
 C = Inter-level travel time spent in this place.
 D = Time resting spent in this place.
 E = Time spent auto-exploring this place.
 F = Levels seen in this place.
 G = Mean time per level.
                   A        B        C        D        E       F      G
               +--------+--------+--------+--------+--------+-----+--------+
         Total |   2444 |   2379 |     65 |      3 |   1624 |   6 |  407.3 |
       Dungeon |   2444 |   2379 |     65 |      3 |   1624 |   6 |  407.3 |
               +--------+--------+--------+--------+--------+-----+--------+

Top non-repeatable levels by time:
     D:1: 731 daAuts
     D:2: 707 daAuts
     D:3: 637 daAuts
     D:4: 303 daAuts
     D:7: 32 daAuts
     D:6: 30 daAuts
